 Dungeon Crawl Stone Soup version 0.30-a0-743-gbfdf073431 (webtiles) character file.

Game seed: 16737604945261521395

2207 kingofthe the Ducker (level 9, 0/45 HPs)
             Began as a Deep Elf Conjurer on Feb 5, 2023.
             Slain by an orc warrior
             ... wielding a +0 halberd
              (4 damage)
             ... in a bailey.
             The game lasted 00:25:24 (8728 turns).

kingofthe the Ducker (Deep Elf Conjurer)            Turns: 8728, Time: 00:25:25

Health: 0/45       AC: 12    Str:  6    XL:     9   Next: 13%
Magic:  10/21      EV: 11    Int: 24    God:
Gold:   403        SH:  0    Dex: 15    Spells: 14/22 levels left

rFire   . . .      SeeInvis .    p - +2 hand axe (elec)
rCold   . . .      Faith    .    (no shield)
rNeg    . . .      Spirit   .    I - +0 swamp dragon scales
rPois   +          Reflect  .    (no helmet)
rElec   .          Harm     .    B - +1 cloak
rCorr   .          Rampage  .    (no gloves)
Will    .....                    y - +2 pair of boots
Stlth   +++                      (no amulet)
HPRegen 0.27/turn                x - +4 ring of slaying
MPRegen 0.17/turn                F - ring of wizardry

@: no status effects
A: no striking features
a: no special abilities


You were in a bailey.
You visited 1 branch of the dungeon, and saw 7 of its levels.
You also visited: Bailey.

You collected 538 gold pieces.
You spent 135 gold pieces at shops.

Inventory:

Hand Weapons
 p - a +2 hand axe of electrocution (weapon)
 G - a +3 spear
 J - a +0 broad axe of flaming
Armour
 y - a +2 pair of boots (worn)
 B - a +1 cloak (worn)
 I - +0 swamp dragon scales (worn)
Jewellery
 h - a ring of ice
 q - a ring of protection from fire
 r - a ring of flight
 x - a +4 ring of slaying (left hand)
 C - a ring of resist corrosion
 F - a ring of wizardry (right hand)
Wands
 E - a wand of polymorph (4)
 H - a wand of paralysis (2)
Scrolls
 e - 2 scrolls of fog {unknown}
 f - 5 scrolls of identify {unknown}
 g - a scroll of teleportation {unknown}
 i - 2 scrolls of noise {unknown}
 l - 3 scrolls of enchant weapon
 n - a scroll of vulnerability {unknown}
 s - a scroll of brand weapon {unknown}
 t - a scroll of enchant armour
 v - a scroll of blinking {unknown}
Potions
 a - a potion of mutation {unknown}
 b - 4 potions of magic
 c - 4 potions of flight {unknown}
 j - 2 potions of resistance {unknown}
 k - 3 potions of curing {unknown}
 m - 3 potions of haste
 o - a potion of degeneration {unknown}
 u - a potion of cancellation {unknown}
 w - a potion of brilliance {unknown}
 A - 2 potions of invisibility {unknown}
 D - a potion of heal wounds {unknown}


   Skills:
 + Level 7.2 Dodging
 - Level 6.0 Stealth
 + Level 7.1 Spellcasting
 + Level 7.0 Conjurations
 - Level 5.0 Hexes
 * Level 5.9 Translocations


You had 14 spell levels left.
You knew the following spells:

 Your Spells              Type           Power      Damage    Failure   Level
a - Magic Dart            Conj           100%       1d8       1%          1
b - Searing Ray           Conj           84%        2d7       1%          2
c - Slow                  Hex            100%       N/A       1%          1
d - Poisonous Vapours     Pois/Air       16%        N/A       17%         2
e - Blink                 Tloc           74%        N/A       1%          2

Your spell library contained the following spells:

 Spells                   Type           Power      Damage    Failure   Level
 Lesser Beckoning         Tloc           74%        N/A       1%          2
 Momentum Strike          Conj/Tloc      78%        3d10      1%          2
 Dazzling Flash           Conj/Hex       74%        N/A       3%          3
 Portal Projectile        Hex/Tloc       68%        N/A       3%          3
 Confusing Touch          Hex            32%        N/A       4%          3
 Iskenderun's Mystic Bla  Conj/Tloc      39%        2d9       9%          4
 Fulminant Prism          Conj/Hex       18%        3d11      10%         4
 Sting                    Tmut/Pois      32%        1d4       12%         1
 Summon Small Mammal      Summ           32%        N/A       12%         1
 Summon Guardian Golem    Hex/Summ       20%        N/A       12%         3
 Cause Fear               Hex            16%        N/A       16%         4
 Call Canine Familiar     Summ           8%         N/A       32%         3
 Olgreb's Toxic Radiance  Pois           8%         N/A       71%         4
 Summon Mana Viper        Hex/Summ       20%        N/A       71%         5
 Dragon Form              Tmut           4%         N/A       100%        7
 Dragon's Call            Summ           4%         N/A       100%        9


Dungeon Overview and Level Annotations

Branches:
Dungeon (7/15)             Bailey (1/1)
 Temple: D:4-7

Altars:
Dithmenos
Elyvilon
Hepliaklqana
Trog
Xom

Shops:
D:4 [

Annotations:
D:5 2 transporters, Esekla's ghost, weakling OpDe
D:7 olddryhag's ghost, novice DrEE


Message History

Things that are here:
a +0 glaive; a +0 scale mail
Casting: Searing Ray (safe; 1% risk of failure)
Confirm with . or Enter, or press ? or * to list all spells.
Aiming: Slow (safe; 1% risk of failure)
Press: ? - help, Shift-Dir - straight line, f/p - orc warrior
Aim: an orc warrior, wielding a +0 halberd and wearing a +0 ring mail (moderately wounded, chance to affect: 56%)
The orc seems to slow down.
There is an open door here.
Casting: Slow (safe; 1% risk of failure)
Confirm with . or Enter, or press ? or * to list all spells.
Aiming: Searing Ray (safe; 1% risk of failure)
Press: ? - help, Shift-Dir - straight line, f - orc warrior, p - orc warrior
Aim: an orc warrior, wielding a +0 glaive and wearing a +0 scale mail (77% to hit)
The searing ray hits the orc warrior!
The orc warrior is heavily wounded.
The searing ray hits the orc!
You kill the orc!
The searing ray hits the orc warrior.
The orc warrior is lightly wounded. (Press . to maintain the ray.)
The orc warrior hits you from afar with a +0 halberd!
* * * LOW HITPOINT WARNING * * *
The searing ray hits the orc warrior.
The orc warrior is severely wounded.
The searing ray hits the orc warrior.
The orc warrior is moderately wounded.
The orc warrior closely misses you.
The searing ray hits the orc warrior!
The orc warrior is severely wounded.
The orc warrior barely misses you. x2
The searing ray hits the orc warrior!
The orc warrior is almost dead.
You finish channelling your searing ray.
The orc warrior hits you from afar with a +0 halberd.
* * * LOW HITPOINT WARNING * * *
The orc warrior hits you from afar with a +0 glaive.
* * * LOW HITPOINT WARNING * * *
The orc warrior hits you from afar with a +0 halberd.
You die...

#....)..#
#.......#
#..#.#))#
#.##8##)#
#..#.#.)#
#......)#
#.......#
#.......#
##..@..##
###'###


#ooo# #.).# #...# #.)รท# ###'### ##..)..## #.......# You could see 3 orc
warriors.

Vanquished Creatures
  Maggie (D:7)
  2 orc warriors (Bailey)
  A black bear (D:6)
  A sky beast (D:6)
  An ice beast (D:6)
  An ogre (D:6)
  A centaur (D:6)
  2 kobold brigands (D:6)
  2 phantoms
  A bullfrog (D:6)
  A necrophage (D:6)
  A scorpion (D:5)
  3 electric eels (D:6)
  2 howler monkeys
  4 hounds
  Natasha (twice) (D:3)
  6 iguanas
  7 gnolls (D:6)
  7 adders
  3 white imps
  An ufetubus (D:5)
  A dart slug (D:2)
  30 orcs
  2 ball pythons
  7 endoplasms
  3 giant cockroaches
  9 goblins
  8 hobgoblins
  4 jackals (D:1)
  4 quokkas
  5 bats
  A frilled lizard (D:1)
  48 kobolds
  3 rats (D:1)
175 creatures vanquished.

Notes
Turn   | Place    | Note
-------+----------+-------------------------------------------
     0 | D:1      | kingofthe the Deep Elf Conjurer began the quest for the
                  | Orb.
     0 | D:1      | Reached XP level 1. HP: 10/10 MP: 6/6
   350 | D:1      | Reached XP level 2. HP: 15/15 MP: 6/8
   353 | D:1      | Learned a level 2 spell: Searing Ray
  1319 | D:2      | Reached XP level 3. HP: 19/19 MP: 5/9
  1492 | D:2      | Found a bloodstained altar of Trog.
  1692 | D:2      | Reached XP level 4. HP: 24/24 MP: 3/11
  1997 | D:2      | Found a faded altar of an unknown god.
  2220 | D:3      | Noticed Natasha
  2225 | D:3      | Killed Natasha
  2523 | D:3      | Noticed Natasha
  2525 | D:3      | Killed Natasha
  2526 | D:3      | Reached skill level 5 in Conjurations
  2582 | D:3      | Reached XP level 5. HP: 27/28 MP: 3/13
  2921 | D:4      | Found a white marble altar of Elyvilon.
  3233 | D:4      | Noticed a phantom
  3246 | D:4      | Killed a phantom
  3247 | D:4      | Reached skill level 5 in Dodging
  3247 | D:4      | Reached XP level 6. HP: 30/32 MP: 3/14
  3479 | D:4      | Found Egil Ont's Antique Armour Emporium.
  3489 | D:4      | Bought a pair of embroidered boots for 135 gold pieces
  3514 | D:4      | Got the Volume of the Wyrd
  3549 | D:4      | Learned a level 1 spell: Slow
  3552 | D:4      | Learned a level 2 spell: Poisonous Vapours
  3563 | D:4      | Learned a level 2 spell: Blink
  4111 | D:5      | Entered Level 5 of the Dungeon
  4244 | D:5      | Found a transporter.
  4245 | D:5      | Noticed Esekla's ghost (weakling OpDe)
  4297 | D:5      | Reached skill level 5 in Spellcasting
  4527 | D:5      | Found a transporter.
  4574 | D:5      | Found a shimmering altar of Xom.
  4575 | D:5      | Found a hazy altar of Hepliaklqana.
  4576 | D:5      | Noticed a spectral ugly thing
  4879 | D:5      | Reached skill level 1 in Hexes
  4879 | D:5      | Reached skill level 1 in Translocations
  5137 | D:6      | Reached XP level 7. HP: 24/36 MP: 11/16
  5750 | D:6      | Reached skill level 5 in Stealth
  6351 | D:6      | Reached XP level 8. HP: 41/41 MP: 8/18
  7607 | D:6      | Reached skill level 5 in Hexes
  7974 | D:7      | Noticed a +0 spear
  7974 | D:7      | Noticed a +0 short sword
  7974 | D:7      | Noticed a +0 spear
  7974 | D:7      | Noticed a +0 falchion
  7974 | D:7      | Noticed a +0 dagger
  7974 | D:7      | Found a bloodstained altar of Trog.
  8075 | D:7      | Noticed a two-headed ogre
  8081 | D:7      | Noticed Maggie
  8086 | D:7      | Noticed olddryhag's ghost (novice DrEE)
  8125 | D:7      | Killed Maggie
  8126 | D:7      | Reached skill level 5 in Translocations
  8163 | D:7      | Found a flagged portal.
  8163 | D:7      | Found a shadowy altar of Dithmenos.
  8227 | D:7      | Reached XP level 9. HP: 45/45 MP: 15/21
  8234 | Bailey   | Entered a bailey
  8728 | Bailey   | Slain by an orc warrior

Illustrated notes

Levels and vault maps discovered:
D:1:      dpeg_arrival_long_road, layout_loops_corners, hex_tiny
D:2:      layout_basic, basic_altar, dilly_ecumenical_altar_fadedgnrine,
          minmay_fountain_box
D:3:      layout_loops_cross, uniq_natasha
D:4:      layout_basic, elyvilon_altar_5, serial_shops, shop
D:5:      layout_cave_pods, regret_index_temple_of_mockery,
          gammafunk_ghost_mausoleum, chequers_serial_rivers_micro_b
D:6:      minmay_goblin_kobold_castle, layout_gridville
D:7:      layout_layer_cave, nicolae_dithmenos_the_darkroom,
          trog_ov_bears_minmay, nicolae_uskayaw_en_pointe,
          mainiacjoe_overflow_chevrons, okawaru_humans,
          minmay_temple_entry_statues, nzn_ghost_randoct, enter_bailey_1,
          chequers_serial_rivers_micro_c, uniq_maggie
Bailey:   bailey_polearm_5, bailey

Skill      XL: |  1  2  3  4  5  6  7  8  9 |
---------------+----------------------------+-----
Dodging        | 3 4 5 6 7 |  7.2
Stealth        | 3 4 5 6 |  6.0
Spellcasting   | 4 5 6 7 |  7.1
Conjurations   | 5 6 7 |  7.0
Hexes          | 1 3 5 |  5.0
Translocations | 1 3 5 |  5.9

Action                     |  1- 3 |  4- 6 |  7- 9 || total
---------------------------+-------+-------+-------++-------
  Melee: Dagger            |     1 |       |       ||     1
         Hand axe          |       |       |     6 ||     6
   Cast: Magic Dart        |    67 |    59 |   112 ||   238
         Searing Ray       |     4 |    15 |    48 ||    67
         Slow              |       |       |    37 ||    37
         Poisonous Vapours |       |       |     6 ||     6
   Stab: Distracted        |       |       |     1 ||     1
 Armour: Robe              |       |     1 |    18 ||    19
         Swamp dragon scal |       |       |     4 ||     4
  Dodge: Dodged            |     4 |     5 |    59 ||    68

Table legend: (Time is in decaauts)
 A = Elapsed time spent in this place.
 B = Non-inter-level travel time spent in this place.
 C = Inter-level travel time spent in this place.
 D = Time resting spent in this place.
 E = Time spent auto-exploring this place.
 F = Levels seen in this place.
 G = Mean time per level.
                   A        B        C        D        E       F      G
               +--------+--------+--------+--------+--------+-----+--------+
         Total |   8732 |   8395 |    337 |    736 |   6673 |   8 | 1091.5 |
       Dungeon |   8238 |   7901 |    337 |    437 |   6596 |   7 | 1176.9 |
        Bailey |    493 |    493 |      0 |    299 |     77 |   1 |  493.0 |
               +--------+--------+--------+--------+--------+-----+--------+

Top non-repeatable levels by time:
     D:6: 2879 daAuts
     D:1: 1245 daAuts
     D:4: 1217 daAuts
     D:5: 1042 daAuts
     D:3: 882 daAuts
     D:2: 787 daAuts
  Bailey: 493 daAuts
     D:7: 183 daAuts
